 Dungeon Crawl Stone Soup version 0.27-a0-869-g165b36e3f0 (webtiles) character file.

Game seed: 12925733151219724264

8306 porpoise the Destroyer (level 11, -1/63 HPs)
             Began as a Deep Elf Conjurer on Apr 2, 2021.
             Was an Elder of Vehumet.
             Slain by a boulder beetle (28 damage)
             ... on level 10 of the Dungeon.
             The game lasted 00:47:20 (11882 turns).

porpoise the Destroyer (Deep Elf Conjurer)         Turns: 11882, Time: 00:47:21

Health: -1/63      AC: 13    Str: 12    XL:     11   Next: 8%
Magic:  0/23       EV: 15    Int: 25    God:    Vehumet [****..]
Gold:   518        SH:  5    Dex: 13    Spells: 13/24 levels left

rFire    . . .     SeeInvis +   b - +0 hunting sling
rCold    . . .     Faith    .   P - +0 buckler
rNeg     . . .     Spirit   .   t - +4 leather armour "Geomu" {rElec rPois}
rPois    +         Reflect  .   K - +1 hat
rElec    +         Harm     .   p - +1 cloak
rCorr    .         Rampage  .   B - +1 pair of gloves
Will     +....                  R - +0 pair of boots
Stlth    +++.......             j - amulet of regeneration
HPRegen  1.20/turn              N - +6 ring of strength
MPRegen  0.18/turn              i - ring of see invisible

@: no status effects
A: no striking features
a: Renounce Religion


You were on level 10 of the Dungeon.
You worshipped Vehumet.
Vehumet was greatly pleased with you.
You visited 1 branch of the dungeon, and saw 11 of its levels.
You also visited: Ossuary.

You collected 518 gold pieces.

Inventory:

Hand Weapons
 a - a +4 short sword of freezing
 b - a +0 hunting sling (weapon)
Missiles
 c - a throwing net
 n - 59 sling bullets (quivered ammo)
 x - 4 javelins
 J - 39 poisoned darts
Armour
 p - a +1 cloak (worn)
 t - the +4 leather armour "Geomu" (worn) {rElec rPois}
   (You found it on level 9 of the Dungeon)

   It insulates you from electricity.
   It protects you from poison.
 B - a +1 pair of gloves (worn)
 K - a +1 hat (worn)
 P - a +0 buckler (worn)
 R - a +0 pair of boots (worn)
Jewellery
 f - an amulet of faith
 i - a ring of see invisible (right hand)
 j - an amulet of regeneration (around neck)
 N - a +6 ring of strength (left hand)
Wands
 u - a wand of polymorph (12)
 y - a wand of iceblast (13)
Scrolls
 e - a scroll of immolation {unknown}
 h - a scroll of fog {unknown}
 s - a scroll of enchant weapon {unknown}
 v - 2 scrolls of magic mapping
 w - 3 scrolls of enchant armour
 D - a scroll of holy word
 E - a scroll of fear {unknown}
 G - a scroll of torment {unknown}
 H - a scroll of vulnerability
 I - 2 scrolls of teleportation
 L - a scroll of blinking
 O - a scroll of acquirement {unknown}
 Q - a scroll of brand weapon {unknown}
 S - a scroll of amnesia
Potions
 d - 2 potions of brilliance
 g - 4 potions of lignification
 k - 5 potions of mutation
 l - 2 potions of haste
 o - 3 potions of magic
 q - 4 potions of attraction
 r - 3 potions of flight
 z - a potion of experience {unknown}
 A - a potion of invisibility {unknown}
 C - 2 potions of resistance
 F - 2 potions of curing
 M - a potion of might {unknown}


   Skills:
 - Level 5.0 Fighting
 + Level 0.0 Armour
 - Level 9.0 Dodging
 - Level 5.0 Stealth
 - Level 4.0 Shields
 - Level 7.0 Spellcasting
 + Level 10.3 Conjurations
 - Level 7.0 Hexes
 - Level 5.0 Translocations
 - Level 5.0 Evocations


You had 13 spell levels left.
You knew the following spells:

 Your Spells              Type           Power      Damage    Failure   Level
a - Magic Dart            Conj           100%       1d8       1%          1
b - Searing Ray           Conj           100%       3d7       1%          2
c - Fulminant Prism       Conj/Hex       25%        3d14      1%          4
d - Iskenderun's Mystic   Conj/Tloc      47%        2d10      1%          4

Your spell library contained the following spells:

 Spells                   Type           Power      Damage    Failure   Level
 Frozen Ramparts          Ice            16%        1d3       7%          3
 Dazzling Flash           Conj/Hex       100%       N/A       1%          3


Dungeon Overview and Level Annotations

Branches:
Dungeon (11/15)            Temple (0/1) D:5         Ossuary (visited)
   Lair: D:8-11         Orc: D:9-12

Altars:
Cheibriados
Elyvilon
Hepliaklqana
Kikubaaqudgha
Makhleb
Nemelex Xobeh
Okawaru
Qazlal
Vehumet
Wu Jian
Yredelemnul
The Shining One

Annotations:
D:7 1 exclusion
D:8 Stone Vault
D:11 Psyche


Message History

The boulder beetle resists with some effort.
Aiming: Paralyse
Press: ? - help, Shift-Dir - straight line, f/p - boulder beetle
Aim: a boulder beetle (lightly wounded, chance to affect: 43%)
The boulder beetle resists with some effort.
The now-empty wand crumbles to dust.
Okay, then.
Unknown command.
A scorpion comes into view.
The boulder beetle hits you but does no damage.
The boulder beetle stops rolling and uncurls.
The boulder beetle bites you!!
A two-headed ogre and a zombie come into view.
The boulder beetle curls into a ball and begins rolling!
A black bear comes into view.
Psyche the Insane Magess comes into view.
She is wielding a +0 dagger of chaos.
You block the boulder beetle's attack.
The boulder beetle stops rolling and uncurls.
There is a stone staircase leading up here.
You climb upwards.
There is a stone staircase leading down here.
Casting: Searing Ray (safe; 1% risk of failure)
Confirm with . or Enter, or press ? or * to list all spells.
Okay, then.
Unknown command.
Casting: Searing Ray (safe; 1% risk of failure)
Confirm with . or Enter, or press ? or * to list all spells.
You erupt in a blast of force!
The mystic blast hits the boulder beetle.
The boulder beetle is lightly wounded.
The boulder beetle bites you but does no damage.
Casting: Iskenderun's Mystic Blast (dangerous; 1% risk of failure)
Confirm with . or Enter, or press ? or * to list all spells.
You erupt in a blast of force!
The mystic blast hits the boulder beetle.
The boulder beetle is lightly wounded.
The boulder beetle bites you!!
As you read the scroll of summoning, it crumbles to dust.
Wisps of shadow whirl around you... The boulder beetle bites you!!
You die...

.#..............................#
.#..............................#
.#..............................#
.####.###########################
....≈≈♣.........................#
...≈≈♣P.........................#
....≈♣≈....o....................#
..#...#####....##################
..#.........o.o.@B..............#
..#...............Z.............#
..#............D................#
###...####################......#
.........................#......#
.........................#......#
.........................#......#
.........................#......#
.........................#......#


You could see a boulder beetle (ally target), a friendly orc warrior (summoned),
a friendly acid dragon (summoned), 2 friendly orcs and a friendly centaur
warrior zombie (summoned).

Vanquished Creatures
  Harold (D:7)
  2 two-headed ogres (D:6)
  Erica (D:8)
  4 yaks (D:6)
  2 humans (D:9)
  3 vampire mosquitoes (D:9)
  5 orc warriors
  4 ogres
  2 necrophages
  2 centaurs
  2 kobold brigands (D:8)
  3 bullfrogs
  An elf zombie (Ossuary)
  5 scorpions
  A gnoll sergeant (D:8)
  A water moccasin skeleton (D:6)
  5 killer bees (D:8)
  9 wights (D:9)
  4 centaur zombies
  2 human zombies (Ossuary)
  A bullfrog zombie (D:5)
  Crazy Yiuf (D:2)
  A jelly (D:5)
  5 orc priests
  A gnoll shaman (D:10)
  6 hounds
  A centaur skeleton (D:5)
  2 iguanas
  Natasha (thrice) (D:3)
  7 orc wizards
  A hound zombie (Ossuary)
  3 mummies (Ossuary)
  A howler monkey zombie (D:7)
  2 howler monkey skeletons
  11 gnolls
  6 adders
  A white imp (D:3)
  An adder skeleton (D:4)
  4 adder zombies (Ossuary)
  3 worms
  11 dart slugs
  21 orcs
  8 endoplasms
  A giant cockroach (D:4)
  13 goblins
  3 hobgoblins
  11 jackals
  8 quokkas
  2 ball pythons (D:4)
  5 bats
  5 frilled lizards
  A gnoll zombie (Ossuary)
  4 goblin zombies (Ossuary)
  6 hobgoblin zombies (Ossuary)
  2 jackal zombies (Ossuary)
  15 kobolds
  3 kobold zombies (Ossuary)
  5 orc zombies (Ossuary)
  A quokka zombie (Ossuary)
  9 rats
  7 rat zombies
  A spectral orc (D:4)
262 creatures vanquished.

Vanquished Creatures (collateral kills)
  An ufetubus (D:4)
  A kobold (D:4)
  A quokka (D:4)
3 creatures vanquished.

Vanquished Creatures (others)
  18 fulminant prisms
18 creatures vanquished.

Grand Total: 283 creatures vanquished

Notes
Turn   | Place    | Note
-------+----------+-------------------------------------------
     0 | D:1      | porpoise the Deep Elf Conjurer began the quest for the Orb.
     0 | D:1      | Reached XP level 1. HP: 10/10 MP: 6/6
   247 | D:1      | Reached XP level 2. HP: 15/15 MP: 5/8
   277 | D:1      | Learned a level 2 spell: Searing Ray
   655 | D:1      | Found a faded altar of an unknown god.
   911 | D:2      | Reached skill level 5 in Conjurations
   911 | D:2      | Reached XP level 3. HP: 19/19 MP: 5/10
  1621 | D:2      | Found a runed translucent door.
  1622 | D:2      | Noticed Crazy Yiuf
  1628 | D:2      | Killed Crazy Yiuf
  1629 | D:2      | Reached skill level 5 in Spellcasting
  1629 | D:2      | Reached XP level 4. HP: 4/24 MP: 8/13
  1779 | D:2      | Learned a level 4 spell: Fulminant Prism
  1784 | D:2      | Learned a level 4 spell: Iskenderun's Mystic Blast
  1926 | D:3      | Found a snail-covered altar of Cheibriados.
  2002 | D:3      | Reached skill level 1 in Fighting
  2002 | D:3      | Reached XP level 5. HP: 16/29 MP: 8/14
  2088 | D:3      | Noticed Natasha
  2091 | D:3      | Killed Natasha
  2092 | D:3      | Reached skill level 6 in Conjurations
  2267 | D:3      | Noticed Natasha
  2272 | D:3      | Killed Natasha
  2363 | D:3      | Found an ornate altar of the Wu Jian Council.
  2366 | D:3      | Found a radiant altar of Vehumet.
  2371 | D:3      | Found a glowing golden altar of the Shining One.
  2407 | D:3      | Found an ancient bone altar of Kikubaaqudgha.
  2626 | D:3      | Noticed Natasha
  2629 | D:3      | Killed Natasha
  2758 | D:4      | Reached XP level 6. HP: 35/35 MP: 9/15
  2814 | D:3      | Became a worshipper of Vehumet
  3066 | D:4      | Reached skill level 7 in Conjurations
  3107 | D:4      | Reached skill level 1 in Hexes
  3212 | D:4      | Reached XP level 7. HP: 41/41 MP: 11/16
  3375 | D:4      | Found a sand-covered staircase.
  3386 | Ossuary  | Entered an ossuary
  3807 | Ossuary  | Reached * piety under Vehumet
  3807 | Ossuary  | Offered knowledge of Freeze by Vehumet.
  4827 | D:4      | Found a hazy altar of Hepliaklqana.
  4960 | D:5      | Entered Level 5 of the Dungeon
  4985 | D:5      | Found a basalt altar of Yredelemnul.
  5035 | D:5      | Reached skill level 5 in Hexes
  5076 | D:5      | Found a white marble altar of Elyvilon.
  5200 | D:5      | Reached ** piety under Vehumet
  5305 | D:5      | Offered knowledge of Foxfire by Vehumet.
  5306 | D:5      | Reached XP level 8. HP: 48/48 MP: 13/17
  5450 | D:5      | Found a staircase to the Ecumenical Temple.
  5581 | D:5      | Reached skill level 5 in Fighting
  6047 | D:6      | Reached skill level 1 in Translocations
  6118 | D:6      | Noticed a two-headed ogre
  6126 | D:6      | Killed a two-headed ogre
  6127 | D:6      | Reached skill level 5 in Dodging
  6127 | D:6      | Reached skill level 5 in Translocations
  6127 | D:6      | Reached XP level 9. HP: 27/54 MP: 6/18
  6386 | D:6      | Reached skill level 8 in Conjurations
  6611 | D:6      | Noticed a two-headed ogre
  6616 | D:6      | Killed a two-headed ogre
  6617 | D:6      | Reached skill level 9 in Conjurations
  6617 | D:6      | Reached skill level 5 in Evocations
  7263 | D:6      | Found a burning altar of Makhleb.
  7431 | D:7      | Found a sparkling altar of Nemelex Xobeh.
  7745 | D:7      | Noticed a moth of wrath
  8037 | D:7      | Reached XP level 10. HP: 53/59 MP: 9/21
  8037 | D:7      | Offered knowledge of Mephitic Cloud by Vehumet.
  8038 | D:7      | Reached skill level 5 in Stealth
  8178 | D:7      | Noticed Harold
  8194 | D:7      | Killed Harold
  8547 | D:8      | Reached *** piety under Vehumet
  8764 | D:8      | Reached skill level 1 in Shields
  9054 | D:8      | Noticed Erica
  9060 | D:8      | Killed Erica
  9060 | D:8      | Offered knowledge of Frozen Ramparts by Vehumet.
  9840 | D:9      | Found a stormy altar of Qazlal.
  9979 | D:9      | Found an iron altar of Okawaru.
  9991 | D:9      | Paralysed by a wight for 4 turns
 10114 | D:9      | Identified the +4 leather armour "Geomu" {rElec rPois}
 10212 | D:9      | Reached skill level 10 in Conjurations
 10596 | D:10     | Entered Level 10 of the Dungeon
 10663 | D:10     | Reached **** piety under Vehumet
 10971 | D:10     | Reached XP level 11. HP: 61/63 MP: 18/23
 11862 | D:11     | Noticed a boulder beetle
 11874 | D:11     | Noticed a two-headed ogre
 11875 | D:11     | Noticed Psyche
 11882 | D:10     | Slain by a boulder beetle

Illustrated notes

Levels and vault maps discovered:
D:1:      lightli_arrival_noodles, layout_basic, ebering_ecumenical_altar_mist,
          minmay_unequal
D:2:      layout_rooms, grunt_ministairs_15, uniq_crazy_yiuf_cottage
D:3:      layout_basic, marbit_many_paths, cheibrodos_worm_habitat,
          nicolae_overflow_hidden_temple, uniq_natasha
D:4:      layout_cave_pods, nicolae_hepliaklqana_monster_ancestors,
          enter_ossuary_4
D:5:      layout_basic, kennysheep_ying_yang, minmay_temple_entry_statues
D:6:      kennysheep_slugbush, layout_layer_cave, kennysheep_little_box,
          minmay_small_thing
D:7:      layout_loops_cross, nemelex_spade_bored_becter, tgw_trog,
          minmay_microvault, uniq_harold
D:8:      layout_cave_pools, minivault_21, nicolae_zen_rock_garden, uniq_erica
D:9:      layout_basic, okawaru_humans, kennysheep_mini, minmay_liquid_box,
          patterned_corridor
D:10:     layout_grid_maze, serial_bayou_pond_d, minmay_misc_feat_doors
D:11:     layout_cave_pools, grunt_lair_entry_orc_guard_hut,
          minmay_orc_entry_temple_small, uniq_sonja, uniq_psyche

Skill      XL: |  1  2  3  4  5  6  7  8  9 10 11 |
---------------+----------------------------------+-----
Spellcasting   | 4 5 6 7 |  7.0
Conjurations   | 5 6 7 9 10 | 10.3
Fighting       | 1 2 3 4 5 |  5.0
Hexes          | 1 5 7 |  7.0
Dodging        | 5 8 9 |  9.0
Translocations | 5 |  5.0
Evocations     | 2 5 |  5.0
Stealth        | 4 5 |  5.0
Shields        | 4 |  4.0

Action                   |  1- 3 |  4- 6 |  7- 9 | 10-12 || total
-------------------------+-------+-------+-------+-------++-------
 Fire: Hunting sling     |       |    12 |    92 |    47 ||   151
 Cast: Magic Dart        |    43 |    14 |     8 |       ||    65
       Searing Ray       |    16 |    27 |    79 |    52 ||   174
       Fulminant Prism   |       |       |     7 |    11 ||    18
       Iskenderun's Myst |       |       |       |    13 ||    13
Evoke: Wand              |       |       |       |     3 ||     3
  Use: Scroll            |       |     6 |    10 |     4 ||    20
       Potion            |       |       |       |     2 ||     2
Armor: Robe              |       |     1 |    18 |    12 ||    31
       Leather armour    |       |       |       |    15 ||    15
Dodge: Dodged            |     2 |     5 |    24 |    45 ||    76
Block: Buckler           |       |       |       |     7 ||     7

Table legend: (Time is in decaauts)
 A = Elapsed time spent in this place.
 B = Non-inter-level travel time spent in this place.
 C = Inter-level travel time spent in this place.
 D = Time resting spent in this place.
 E = Time spent auto-exploring this place.
 F = Levels seen in this place.
 G = Mean time per level.
                   A        B        C        D        E       F      G
               +--------+--------+--------+--------+--------+-----+--------+
         Total |  11944 |  11626 |    318 |   3943 |   5629 |  12 |  995.3 |
       Dungeon |  11037 |  10719 |    318 |   3488 |   5629 |  11 | 1003.4 |
       Ossuary |    907 |    907 |      0 |    455 |      0 |   1 |  907.0 |
               +--------+--------+--------+--------+--------+-----+--------+

Top non-repeatable levels by time:
     D:6: 1544 daAuts
    D:10: 1263 daAuts
     D:4: 1250 daAuts
     D:9: 1222 daAuts
     D:7: 1179 daAuts
     D:3: 1035 daAuts
     D:2: 994 daAuts
 Ossuary: 907 daAuts
     D:8: 875 daAuts
     D:5: 839 daAuts
     D:1: 805 daAuts
    D:11: 27 daAuts
